NCAA
DUKE BLUE DEVILS @ PITTSBURGH PANTHERS
05/08/2025
 
TOP OF THE 1ST
Duke Blue Devils batting - Pitching for Pittsburgh Panthers : RHP Les Johnston
Pitching: RHP Les Johnston
Batting: LHB Vicente Chávez 0-0: Ball
1-0: Ball
2-0: Called Strike
2-1: Ball
3-1: Foul Ball, location: 2F
3-2: Foul Ball, location: 2F
3-2: Strikes out swinging
Batting: LHB Will Hill 0-0: Fly out, F4 (Line Drive, 4)
Batting: RHB Jim Love 0-0: Foul Ball, location: 2F
0-1: Ball
1-1: Ball
2-1: Ground out 4-3 (Groundball, 4M)
Top of the 1st over - 0 run(s), 0 hit(s), 0 error(s), 0 left on base; Duke 0 - Pittsburgh 0
BOTTOM OF THE 1ST
Pittsburgh Panthers batting - Pitching for Duke Blue Devils : RHP Tim Horton
Pitching: RHP Tim Horton
Batting: RHB Jaime Delgado 0-0: SINGLE (Line Drive, 9S)
Batting: RHB Félix Ruíz 0-0: Ball
1-0: Ball
2-0: Called Strike
2-1: Swinging Strike
2-2: Foul Ball, location: 2F
2-2: Foul Ball, location: 2F
2-2: Fly out, F4 (Line Drive, 34D)
Batting: LHB Michael Melton Pickoff Throw to First - Error! E1
Jaime Delgado to second
0-0: Fly out, F7 (Flyball, 7S)
Batting: RHB Rob Gilbert 0-0: Called Strike
0-1: Ball
1-1: Ball
2-1: Ball
3-1: Base on Balls
Batting: RHB Ismael Ortíz 0-0: Ground out 5-3 (Groundball, 15S)
Bottom of the 1st over - 0 run(s), 1 hit(s), 1 error(s), 2 left on base; Duke 0 - Pittsburgh 0
TOP OF THE 2ND
Duke Blue Devils batting - Pitching for Pittsburgh Panthers : RHP Les Johnston
Batting: RHB Albert Reaveley 0-0: Swinging Strike
0-1: Ball
1-1: Called Strike
1-2: Ball
2-2: Ball
3-2: Strikes out swinging
Batting: RHB Matt Osborne 0-0: Reached on error, E5 (Groundball, 5)
Batting: RHB John James 0-0: Ball
1-0: Ball
2-0: Ball
3-0: Base on Balls
Matt Osborne to second
Batting: RHB Jake Belcher 0-0: Called Strike
0-1: Ball
1-1: Ball
2-1: Ball
3-1: Base on Balls
Matt Osborne to third
John James to second
Batting: LHB Kelsey Greer 0-0: SINGLE (Line Drive, 6MD)
Matt Osborne scores
John James to third
Jake Belcher to second
Runner from 3rd tries for Home, SAFE, no throw or cutoff
Batting: SHB Tomás Sánchez 0-0: SINGLE (Line Drive, 78M)
Jake Belcher to third
Kelsey Greer to second
Runner from 3rd tries for Home, SAFE, no throw or cutoff
Batting: LHB Vicente Chávez 0-0: Grounds out, U3 (Groundball, 3L)
Kelsey Greer to third
Batting: LHB Will Hill 0-0: Ball
1-0: Ball
2-0: Ball
3-0: Base on Balls
Batting: RHB Jim Love 0-0: Ball
1-0: Called Strike
1-1: Called Strike
1-2: Ball
2-2: Ball
3-2: Strikes out swinging
Top of the 2nd over - 3 run(s), 2 hit(s), 1 error(s), 3 left on base; Duke 3 - Pittsburgh 0
BOTTOM OF THE 2ND
Pittsburgh Panthers batting - Pitching for Duke Blue Devils : RHP Tim Horton
Batting: RHB Henry Edwards 0-0: Called Strike
0-1: Foul Ball, location: 2F
0-2: Fly out, F7 (Line Drive, 7LM)
Batting: RHB Pete Woods 0-0: Called Strike
0-1: Ball
1-1: Foul Ball, location: 2F
1-2: Ball
2-2: SINGLE (Line Drive, 8LS)
Batting: RHB Todd Noone 0-0: Ball
1-0: Called Strike
1-1: Grounds out, U3 (Groundball, 3L)
Batting: SHB Tim Mullen 0-0: Swinging Strike
0-1: Foul Ball, location: 2F
0-2: Ball
1-2: SINGLE (Groundball, 25) (infield hit)
Pete Woods to third
Batting: RHB Jaime Delgado 0-0: Ball
1-0: Called Strike
1-1: Ball
2-1: Foul Ball, location: 2F
2-2: Strikes out swinging
Bottom of the 2nd over - 0 run(s), 2 hit(s), 0 error(s), 2 left on base; Duke 3 - Pittsburgh 0
TOP OF THE 3RD
Duke Blue Devils batting - Pitching for Pittsburgh Panthers : RHP Les Johnston
Batting: RHB Albert Reaveley 0-0: Swinging Strike
0-1: Ball
1-1: Swinging Strike
1-2: Fly out, F9 (Popup, 3D)
Batting: RHB Matt Osborne 0-0: Called Strike
0-1: Ball
1-1: Ball
2-1: Foul Ball, location: 2F
2-2: Strikes out looking
Batting: RHB John James 0-0: Foul Ball, location: 2F
0-1: SINGLE (Flyball, 9M)
Batting: RHB Jake Belcher 0-0: Ball
John James steals 2nd base
1-0: Called Strike
1-1: SINGLE (Flyball, 8LS)
John James to third
Runner from 3rd tries for Home, SAFE, no throw or cutoff
Batting: LHB Kelsey Greer 0-0: Called Strike
0-1: Ball
1-1: Fly out, F8 (Flyball, 78XD)
Top of the 3rd over - 1 run(s), 2 hit(s), 0 error(s), 1 left on base; Duke 4 - Pittsburgh 0
BOTTOM OF THE 3RD
Pittsburgh Panthers batting - Pitching for Duke Blue Devils : RHP Tim Horton
Batting: RHB Félix Ruíz 0-0: Hit by Pitch
Batting: LHB Michael Melton 0-0: Called Strike
0-1: Ball
1-1: Grounds into double play, 4-6-3 (Groundball, 4)
Batting: RHB Rob Gilbert 0-0: Called Strike
0-1: SINGLE (Line Drive, 6MD)
Batting: RHB Ismael Ortíz 0-0: SINGLE (Groundball, 34)
Rob Gilbert to second
Runner from 2nd tries for 3rd, SAFE, throw made to third
Batting: RHB Henry Edwards 0-0: Called Strike
0-1: Ball
1-1: Swinging Strike
1-2: Fielders Choice at 2nd, U6 (Groundball, 6M)
Bottom of the 3rd over - 0 run(s), 2 hit(s), 0 error(s), 2 left on base; Duke 4 - Pittsburgh 0
TOP OF THE 4TH
Duke Blue Devils batting - Pitching for Pittsburgh Panthers : RHP Les Johnston
Batting: SHB Tomás Sánchez 0-0: Swinging Strike
0-1: Fly out, F7 (Flyball, 78S)
Batting: LHB Vicente Chávez 0-0: Ball
1-0: Ball
2-0: Fly out, F7 (Flyball, 7LMF)
Batting: LHB Will Hill 0-0: Foul Ball, location: 2F
0-1: Ground out 4-3 (Groundball, 4)
Top of the 4th over - 0 run(s), 0 hit(s), 0 error(s), 0 left on base; Duke 4 - Pittsburgh 0
BOTTOM OF THE 4TH
Pittsburgh Panthers batting - Pitching for Duke Blue Devils : RHP Tim Horton
Batting: RHB Pete Woods 0-0: Called Strike
0-1: Ball
1-1: Ball
2-1: Ground out 6-3 (Groundball, 6)
Batting: RHB Todd Noone 0-0: Called Strike
0-1: Called Strike
0-2: Strikes out looking
Batting: SHB Tim Mullen 0-0: Ball
1-0: Ball
2-0: Ball
3-0: Base on Balls
Batting: RHB Jaime Delgado 0-0: Ball
Tim Mullen steals 2nd base
1-0: Ball
2-0: Called Strike
2-1: Ball
3-1: Base on Balls
Batting: RHB Félix Ruíz 0-0: Foul Ball, location: 2F
0-1: Ball
1-1: Foul Ball, location: 2F
1-2: Ball
2-2: Fielders Choice at 2nd, 6-4 (Groundball, 6S)
Bottom of the 4th over - 0 run(s), 0 hit(s), 0 error(s), 1 left on base; Duke 4 - Pittsburgh 0
TOP OF THE 5TH
Duke Blue Devils batting - Pitching for Pittsburgh Panthers : RHP Les Johnston
Batting: RHB Jim Love 0-0: Ball
1-0: Fly out, F8 (Flyball, 8LM)
Batting: RHB Albert Reaveley 0-0: Ball
1-0: Ball
2-0: Called Strike
2-1: Ball
3-1: Foul Ball, location: 2F
3-2: Base on Balls
Batting: RHB Matt Osborne 0-0: Ball
1-0: Ground out 4-3 (Groundball, 4M)
Albert Reaveley to second
Batting: RHB John James 0-0: Called Strike
0-1: Ball
1-1: Fly out, F6 (Line Drive, 6)
Top of the 5th over - 0 run(s), 0 hit(s), 0 error(s), 1 left on base; Duke 4 - Pittsburgh 0
BOTTOM OF THE 5TH
Pittsburgh Panthers batting - Pitching for Duke Blue Devils : RHP Tim Horton
Batting: LHB Michael Melton 0-0: Called Strike
0-1: SINGLE (Groundball, 56D)
Batting: RHB Rob Gilbert 0-0: Ball
1-0: Ball
2-0: Called Strike
2-1: Ball
3-1: Base on Balls
Michael Melton to second
Batting: RHB Ismael Ortíz 0-0: Called Strike
0-1: Ball
1-1: Called Strike
1-2: Ball
2-2: Strikes out looking
Batting: RHB Henry Edwards 0-0: SINGLE (Flyball, 78S)
Michael Melton to third
Rob Gilbert to second
Pitching: RHP John O'Greane
Batting: RHB Pete Woods 0-0: Fly out, F9 (Flyball, 9M)
Batting: RHB Todd Noone 0-0: Ball
1-0: Called Strike
1-1: Ball
2-1: Swinging Strike
2-2: Foul Ball, location: 2F
2-2: Foul Ball, location: 2F
2-2: Ball
3-2: Foul Ball, location: 2F
3-2: Foul Ball, location: 2F
3-2: Fly out, F6 (Popup, 56D)
Bottom of the 5th over - 0 run(s), 2 hit(s), 0 error(s), 3 left on base; Duke 4 - Pittsburgh 0
TOP OF THE 6TH
Duke Blue Devils batting - Pitching for Pittsburgh Panthers : RHP Les Johnston
Batting: RHB Jake Belcher 0-0: SOLO HOME RUN (Line Drive, 8LXD), Distance : 404 ft
Batting: LHB Kelsey Greer 0-0: Called Strike
0-1: SINGLE (Groundball, 6MS) (infield hit)
Pitching: RHP Floyd Tidmarch
Batting: SHB Tomás Sánchez 0-0: Ball
1-0: Ball
2-0: Foul Ball, location: 2F
2-1: Fly out, F7 (Flyball, 7LSF)
Batting: LHB Vicente Chávez 0-0: Ball
1-0: Called Strike
1-1: Foul Ball, location: 2F
1-2: Ball
2-2: Foul Ball, location: 2F
2-2: Strikes out swinging
Batting: LHB Will Hill 0-0: Ball
1-0: Swinging Strike
1-1: Foul Ball, location: 2F
1-2: Foul Ball, location: 2F
1-2: Ball
2-2: Ball
3-2: Fly out, F9 (Flyball, 9M)
Top of the 6th over - 1 run(s), 2 hit(s), 0 error(s), 1 left on base; Duke 5 - Pittsburgh 0
BOTTOM OF THE 6TH
Pittsburgh Panthers batting - Pitching for Duke Blue Devils : RHP John O'Greane
Batting: SHB Tim Mullen 0-0: Ball
1-0: Ground out 4-3 (Groundball, 4M)
Batting: RHB Jaime Delgado 0-0: Ball
1-0: Ground out 5-3 (Groundball, 56)
Batting: RHB Félix Ruíz 0-0: Ball
1-0: Called Strike
1-1: Foul Ball, location: 2F
1-2: SOLO HOME RUN (Flyball, 7D), Distance : 356 ft
Batting: LHB Michael Melton 0-0: Called Strike
0-1: Ball
1-1: Foul Ball, location: 2F
1-2: Strikes out swinging
Bottom of the 6th over - 1 run(s), 1 hit(s), 0 error(s), 0 left on base; Duke 5 - Pittsburgh 1
TOP OF THE 7TH
Duke Blue Devils batting - Pitching for Pittsburgh Panthers : RHP Floyd Tidmarch
Batting: RHB Jim Love 0-0: Ball
1-0: Ball
2-0: SINGLE (Groundball, 6MD) (infield hit)
Batting: RHB Albert Reaveley 0-0: Called Strike
0-1: Fly out, F9 (Flyball, 9S)
Batting: RHB Matt Osborne 0-0: Called Strike
0-1: Called Strike
0-2: Ball
1-2: Fielders Choice at 2nd, 1-4 (Groundball, 13)
Batting: RHB John James 0-0: Ball
1-0: Ball
2-0: Ball
3-0: Called Strike
3-1: Base on Balls
Matt Osborne to second
Batting: RHB Jake Belcher 0-0: Ball
1-0: Foul Ball, location: 2F
1-1: Called Strike
1-2: Foul Ball, location: 2F
1-2: Ball
2-2: Foul Ball, location: 2F
2-2: Strikes out swinging
Top of the 7th over - 0 run(s), 1 hit(s), 0 error(s), 2 left on base; Duke 5 - Pittsburgh 1
BOTTOM OF THE 7TH
Pittsburgh Panthers batting - Pitching for Duke Blue Devils : RHP John O'Greane
Batting: RHB Rob Gilbert 0-0: Swinging Strike
0-1: Swinging Strike
0-2: Foul Ball, location: 2F
0-2: Ball
1-2: Ball
2-2: Strikes out swinging
Pitching: LHP Javier Ortega
Batting: RHB Ismael Ortíz 0-0: Foul Ball, location: 2F
0-1: Called Strike
0-2: Ball
1-2: Strikes out swinging
Batting: RHB Henry Edwards 0-0: Ball
1-0: Fly out, F9 (Flyball, 9LM)
Bottom of the 7th over - 0 run(s), 0 hit(s), 0 error(s), 0 left on base; Duke 5 - Pittsburgh 1
TOP OF THE 8TH
Duke Blue Devils batting - Pitching for Pittsburgh Panthers : RHP Floyd Tidmarch
Pitching: RHP Jesús Muros
Batting: LHB Kelsey Greer 0-0: Called Strike
0-1: Ball
1-1: SINGLE (Flyball, 78S)
Batting: SHB Tomás Sánchez 0-0: Ball
1-0: Bunted foul
1-1: Reached on error, E2 (Groundball, 2L)
Kelsey Greer to third
Batting: LHB Vicente Chávez 0-0: Intentional Walk
Batting: LHB Will Hill 0-0: Ball
1-0: Ball
2-0: GRAND SLAM HOME RUN (Flyball, 9D), Distance : 344 ft
Batting: RHB Jim Love 0-0: Fly out, F9 (Line Drive, 9M)
Batting: RHB Albert Reaveley 0-0: Called Strike
0-1: Foul Ball, location: 2F
0-2: Ball
1-2: Ground out 5-3 (Groundball, 5)
Batting: RHB Matt Osborne 0-0: Ball
1-0: Ball
2-0: Called Strike
2-1: Fly out, F8 (Flyball, 8RM)
Top of the 8th over - 4 run(s), 2 hit(s), 1 error(s), 0 left on base; Duke 9 - Pittsburgh 1
BOTTOM OF THE 8TH
Pittsburgh Panthers batting - Pitching for Duke Blue Devils : LHP Javier Ortega
Now at SS: José Reyes
Batting: RHB Pete Woods 0-0: Ball
1-0: Ground out 6-3 (Groundball, 6)
Batting: RHB Todd Noone 0-0: Ball
1-0: Ball
2-0: Called Strike
2-1: Ball
3-1: Called Strike
3-2: Base on Balls
Batting: SHB Tim Mullen 0-0: Called Strike
0-1: DOUBLE (Flyball, 7LM)
Todd Noone to third
Runner from 3rd tries for Home, SAFE, throw made at trailing runner, SAFE at third!
Batting: RHB Jaime Delgado 0-0: Ball
1-0: Called Strike
1-1: Foul Ball, location: 2F
1-2: Foul Ball, location: 2F
1-2: Strikes out swinging
Batting: RHB Félix Ruíz 0-0: Ball
1-0: 2-RUN HOME RUN (Flyball, 7D), Distance : 350 ft
Batting: LHB Michael Melton 0-0: Ball
1-0: Ball
2-0: Ball
3-0: Base on Balls
Batting: RHB Rob Gilbert 0-0: Swinging Strike
0-1: Ball
1-1: Ball
2-1: Fielders Choice at 2nd, U6 (Groundball, 6M)
Bottom of the 8th over - 3 run(s), 2 hit(s), 0 error(s), 1 left on base; Duke 9 - Pittsburgh 4
TOP OF THE 9TH
Duke Blue Devils batting - Pitching for Pittsburgh Panthers : RHP Jesús Muros
Pitching: LHP Harry Gordon
Batting: RHB John James 0-0: Called Strike
0-1: Ground out 4-3 (Groundball, 4)
Batting: RHB Jake Belcher 0-0: Ground out 5-3 (Groundball, 15S)
Batting: LHB Kelsey Greer 0-0: Called Strike
0-1: Swinging Strike
0-2: Ball
1-2: Strikes out swinging
Top of the 9th over - 0 run(s), 0 hit(s), 0 error(s), 0 left on base; Duke 9 - Pittsburgh 4
BOTTOM OF THE 9TH
Pittsburgh Panthers batting - Pitching for Duke Blue Devils : LHP Javier Ortega
Pitching: RHP Matt Phillips
Batting: RHB Ismael Ortíz 0-0: Ball
1-0: Ball
2-0: Ball
3-0: Base on Balls
Batting: RHB Henry Edwards 0-0: Ball
1-0: Ball
2-0: Ball
3-0: Called Strike
3-1: Called Strike
3-2: Foul Ball, location: 2F
3-2: Base on Balls
Ismael Ortíz to second
Batting: RHB Pete Woods 0-0: Called Strike
0-1: Ball
1-1: Ball
2-1: Foul Ball, location: 2F
2-2: Foul Ball, location: 2F
2-2: Ball
3-2: Base on Balls
Ismael Ortíz to third
Henry Edwards to second
Batting: RHB Todd Noone 0-0: Ball
1-0: Called Strike
1-1: Ball
2-1: Fly out, F9 (Flyball, 9M)
Batting: SHB Tim Mullen 0-0: Foul Ball, location: 2F
0-1: Called Strike
0-2: SINGLE (Groundball, 34D)
Ismael Ortíz scores
Henry Edwards to third
Pete Woods to second
Runner from 3rd tries for Home, SAFE, no throw or cutoff
Batting: RHB Jaime Delgado 0-0: Ball
1-0: Fielders Choice at 2nd, 4-6 (Groundball, 34)
Pete Woods to third
Batting: RHB Félix Ruíz 0-0: Ball
1-0: Ground out 3-1 (Groundball, 34S)
Bottom of the 9th over - 2 run(s), 1 hit(s), 0 error(s), 2 left on base; Duke 9 - Pittsburgh 6
This league is powered by Out of the Park Baseball, the baseball management simulation game for PC, Mac and Linux
Tuesday, August 2nd, 2016 - OOTP Baseball 16.8 Build 38